 Dungeon Crawl Stone Soup version 0.23-b1-67-g8bd44de (webtiles) character file.

Game seed: 16252052931355530864

46 doot the Insei (level 3, -5/26 HPs)
             Began as a Merfolk Transmuter on Feb 6, 2019.
             Killed from afar by Sigmund (8 damage)
             ... with a puff of flame
             ... on level 3 of the Dungeon.
             The game lasted 00:02:46 (888 turns).

doot the Insei (Merfolk Transmuter)                  Turns: 888, Time: 00:02:47

Health: -5/26      AC:  2    Str: 10    XL:     3   Next: 68%
Magic:  3/6        EV: 17    Int: 13    God:
Gold:   52         SH:  0    Dex: 14    Spells: 1/7 levels left

rFire    . . .     SeeInvis .     - Unarmed
rCold    . . .     Gourm    .   (no shield)
rNeg     . . .     Faith    .   b - +0 robe
rPois    .         Spirit   .   (no helmet)
rElec    .         Reflect  .   (no cloak)
rCorr    .         Harm     .   (no gloves)
MR       .....                  (boots currently unavailable)
Stlth    ++........             (no amulet)
HPRegen  0.08/turn              (no ring)
MPRegen  0.10/turn              (no ring)

@: very quick
A: change form in water, swift swim, stealthy swim
a: no special abilities


You were on level 3 of the Dungeon.
You were not hungry.

You visited 1 branch of the dungeon, and saw 3 of its levels.

You collected 52 gold pieces.

Inventory:

Missiles
 a - 8 arrows
Armour
 b - a +0 robe (worn)
Scrolls
 c - a scroll of teleportation {unknown}
 e - a scroll of blinking {unknown}
 g - a scroll of identify {unknown}
 h - a scroll of fog {unknown}
Potions
 i - a potion of lignification {unknown}
Comestibles
 d - 2 rations
 f - a chunk of flesh


   Skills:
 + Level 1.1 Fighting
 + Level 3.3 Dodging
 + Level 0.1 Stealth
 + Level 4.0 Unarmed Combat
 + Level 2.6 Spellcasting
 + Level 2.9 Transmutations


You had one spell level left.
You knew the following spells:

 Your Spells              Type           Power        Failure   Level  Hunger
a - Beastly Appendage     Tmut           #.....       7%          1    #......
b - Sticks to Snakes      Tmut           #.......     11%         2    ###....
c - Spider Form           Tmut/Pois      #.........   36%         3    ###....

Your spell library contained the following spells:

 Spells                   Type           Power        Failure   Level  Hunger
 Ice Form                 Ice/Tmut       #.......     78%         4    #####..
 Blade Hands              Tmut           #.........   89%         5    ######.


Dungeon Overview and Level Annotations

Branches:
Dungeon (3/15)

Altars:

Annotations:
D:3 Sigmund


Message History

Your ball python withers and dies!
You start resting.
You hear some strange, mumbled words.
You are confused.
Your magical contamination has completely faded away.
Unknown command.
You feel less confused.
You hear some strange, mumbled words.
Something tries to affect you, but you resist.
A puff of flame appears from out of thin air!
The puff of flame misses you.
You are engulfed in a cloud of scalding steam.
You are engulfed in a cloud of scalding steam.
A puff of flame appears from out of thin air!
The puff of flame hits you.
You are engulfed in a cloud of scalding steam.
* * * LOW HITPOINT WARNING * * *
A puff of flame appears from out of thin air!
The puff of flame hits you!
You die...

..........# ..#######.#
..# #.#.# ..# #.#.# ..#
#.#.# ..# ####.#.# ..#
##....#.# <.# #.....#.#
######### ###
#.....#.####@≈≈≈≈≈≈≈
#8..8...≈≈≈≈§≈≈≈≈≈≈≈
#8..8≈≈≈≈≈≈≈§§≈≈≈≈≈≈
####≈..≈≈≈≈≈≈≈≈≈{≈≈≈≈≈≈
##≈≈≈≈..≈≈≈≈≈≈≈≈≈≈####≈≈
≈≈≈≈≈≈..≈≈≈≈≈≈###.......
≈≈≈≈≈≈..≈≈≈#####........
≈≈≈≈≈≈..≈### #...$....
≈≈≈≈#8..8# #...(....


There were no monsters in sight!

Vanquished Creatures
  3 adders (D:2)
  An adder skeleton (D:2)
  A worm (D:2)
  A leopard gecko (D:1)
  A goblin (D:2)
  2 hobgoblins
  2 jackals (D:2)
  2 bats
  A frilled lizard (D:1)
  3 rats
17 creatures vanquished.

Vanquished Creatures (collateral kills)
  A kobold (D:2)
1 creature vanquished.

Grand Total: 18 creatures vanquished

Notes
Turn   | Place    | Note
-------+----------+-------------------------------------------
     0 | D:1      | doot the Merfolk Transmuter began the quest for the Orb.
     0 | D:1      | Reached XP level 1. HP: 15/15 MP: 3/3
    76 | D:2      | Reached XP level 2. HP: 17/21 MP: 3/5
   239 | D:2      | Learned a level 2 spell: Sticks to Snakes
   501 | D:3      | Noticed Sigmund
   519 | D:2      | Reached XP level 3. HP: 23/26 MP: 4/6
   536 | D:2      | Learned a level 3 spell: Spider Form
   707 | D:3      | Reached skill level 4 in Unarmed Combat
   888 | D:3      | Killed from afar by Sigmund

Skill      XL: |  1  2  3 |
---------------+----------+-----
Dodging        | 3 |  3.3
Unarmed Combat | 4 |  4.0
Fighting       | |  1.1
Stealth        | |  0.1
Spellcasting   | |  2.6
Transmutations | |  2.9

Action                   || total
-------------------------++-------
Melee: Unarmed           ||    59
       Headbutt          ||     9
       Punch             ||     1
 Cast: Beastly Appendage ||    13
       Sticks to Snakes  ||     4
Armor: Robe              ||    12
Dodge: Dodged            ||    46
